 Dungeon Crawl Stone Soup version 0.28-a0-657-g71136c5590 (webtiles) character file.

Game seed: 6128533364467163699

86 funkygono the Firebug (level 4, -5/24 HPs)
             Began as a Gargoyle Fire Elementalist on Oct 13, 2021.
             Killed from afar by Ijyb (10 damage)
             ... with an iceblast
             ... on level 3 of the Dungeon.
             The game lasted 00:05:08 (2089 turns).

funkygono the Firebug (Gargoyle Fire Elementalist)  Turns: 2089, Time: 00:05:09

Health: -5/24      AC:  6    Str: 12    XL:     4   Next: 49%
Magic:  7/8        EV: 12    Int: 16    God:
Gold:   194        SH:  0    Dex: 10    Spells: 3/9 levels left

rFire   . . .      SeeInvis .   i - +3 whip (holy)
rCold   . . .      Faith    .   (no shield)
rNeg    + . .      Spirit   .   a - +0 robe
rPois   ∞          Reflect  .   (no helmet)
rElec   +          Harm     .   (no cloak)
rCorr   .          Rampage  .   (no gloves)
Will    .....                   e - +0 pair of boots
Stlth   ++........              (no amulet)
HPRegen 0.08/turn               (no ring)
MPRegen 0.11/turn               (no ring)

@: no status effects
A: sickness immunity, AC +3, negative energy resistance 1, electricity
resistance, torment resistance 1, petrification resistance
a: no special abilities


You were on level 3 of the Dungeon.
You visited 1 branch of the dungeon, and saw 3 of its levels.

You collected 514 gold pieces.
You spent 320 gold pieces at shops.

Inventory:

Hand Weapons
 f - a +0 whip
 i - a +3 whip of holy wrath (weapon)
Missiles
 c - 17 stones
Armour
 a - a +0 robe (worn)
 e - a +0 pair of boots (worn)
 g - a +2 buckler
Scrolls
 b - a scroll of teleportation
Potions
 j - a potion of brilliance
 k - a potion of might


   Skills:
 + Level 1.6 Dodging
 - Level 2.1 Stealth
 * Level 3.2 Spellcasting
 * Level 1.7 Conjurations
 * Level 4.0 Fire Magic


You had 3 spell levels left.
You knew the following spells:

 Your Spells              Type           Power      Damage    Failure   Level
a - Foxfire               Conj/Fire      44%        2x1d6     5%          1
b - Scorch                Fire           30%        2d6       5%          2
c - Conjure Flame         Conj/Fire      11%        6-21      17%         3

Your spell library contained the following spells:

 Spells                   Type           Power      Damage    Failure   Level
 Inner Flame              Hex/Fire       9%         N/A       24%         3
 Slow                     Hex            2%         N/A       28%         2
 Stone Arrow              Conj/Erth      10%        3d7       36%         3
 Confusing Touch          Hex            2%         N/A       50%         3
 Summon Guardian Golem    Hex/Summ       2%         N/A       50%         3
 Flame Wave               Conj/Fire      11%        3d4       50%         4
 Yara's Violent Unravell  Hex/Tmut       1%         3d3       99%         5
 Orb of Destruction       Conj           4%         9d2       100%        7
 Spellforged Servitor     Conj/Summ      2%         N/A       100%        7
 Lehudib's Crystal Spear  Conj/Erth      2%         10d2      100%        8


Dungeon Overview and Level Annotations

Branches:
Dungeon (3/15)

Altars:

Shops:
D:2 :

Annotations:
D:3 Ijyb


Innate Abilities, Weirdness & Mutations

You are immune to sickness and miasma.
Your stone body is resilient. (AC +3)
You are immune to poison.
You resist negative energy. (rN+)
You are resistant to electric shocks. (rElec)
You are resistant to unholy torment.
You are immune to petrification.


Message History

Jessica is almost dead.
Jessica gestures wildly.
Casting: Foxfire (safe; 6% risk of failure)
Confirm with . or Enter, or press ? or * to list all spells.
Flames lash the hobgoblin.
You kill the hobgoblin!
The foxfire hits Jessica.
You kill Jessica!
Your Spellcasting skill increases to level 3!
Your Fire Magic skill increases to level 4!
Your magical contamination has completely faded away.
Things that are here:
a +0 club; a +0 robe HP restored.
You open the door.
Ijyb the Twisted Goblin comes into view.
She is wielding a +0 dagger and carrying a wand of iceblast (10).
Casting: Scorch (safe; 5% risk of failure)
Confirm with . or Enter, or press ? or * to list all spells.
You conjure some foxfire!
The foxfire hits Ijyb.
Ijyb is moderately wounded.
Ijyb shouts!
You hear a shout! x3; You hear an angry hiss.
Casting: Foxfire (safe; 5% risk of failure)
Confirm with . or Enter, or press ? or * to list all spells.
You miscast Foxfire.
You are very lightly contaminated with residual magic.
Nothing appears to happen.
An endoplasm comes into view.
An orc priest comes into view.
It is wielding a +0 flail. 3 orcs come into view.
The foxfire hits the orc.
The orc is almost dead.
The orc shouts!
Ijyb zaps a wand.
The mass of ice explodes!
The iceblast engulfs you!!
Ouch! That really hurt!
* * * LOW HITPOINT WARNING * * *
You hear a shout!
Your magical contamination has completely faded away.
Ijyb zaps a wand.
The mass of ice explodes!
The iceblast engulfs you!
You die...

####.#.o# .
#....o..# #.##. #
#.##.g#.# #.#..
#.##.###.#.+ #.#.#
#.....##...# #.#.#
#.....###..#
#.#.####......##.>#
#.#.#..#.##+#....##
#.#<#..#. #.'...@#
#..#...# ###....#
##.#..## #.†..#
...#.... #....#
####.########)...#
.# #.. ..#....####
.#######.#.##.#
......##^#.##.#
#####.##.#.##.#


You could see Ijyb and an orc.

Vanquished Creatures
  Jessica (D:3)
  An adder (D:3)
  3 dart slugs
  4 endoplasms
  A giant cockroach (D:1)
  8 goblins
  5 hobgoblins
  A quokka (D:1)
  3 ball pythons
  4 frilled lizards
  8 kobolds
  3 rats (D:1)
42 creatures vanquished.

Vanquished Creatures (others)
  99 foxfires
99 creatures vanquished.

Grand Total: 141 creatures vanquished

Notes
Turn   | Place    | Note
-------+----------+-------------------------------------------
     0 | D:1      | funkygono the Gargoyle Fire Elementalist began the quest
                  | for the Orb.
     0 | D:1      | Reached XP level 1. HP: 10/10 MP: 3/3
   241 | D:1      | Reached XP level 2. HP: 15/15 MP: 3/5
   903 | D:2      | Reached XP level 3. HP: 17/19 MP: 6/6
   906 | D:2      | Learned a level 2 spell: Scorch
   910 | D:2      | Learned a level 3 spell: Conjure Flame
  1046 | D:2      | Found Soanlyud's Book Shoppe.
  1051 | D:2      | Found a faded altar of an unknown god.
  1675 | D:2      | Identified a scroll of acquirement
  1675 | D:2      | Acquired 377 gold pieces
  1721 | D:2      | Bought Mixyrghia's Guide on Captivating Confrontation for
                  | 320 gold pieces
  1857 | D:3      | Reached XP level 4. HP: 24/24 MP: 0/8
  1990 | D:3      | Noticed Jessica
  1999 | D:3      | Killed Jessica
  2000 | D:3      | Reached skill level 4 in Fire Magic
  2079 | D:3      | Noticed Ijyb
  2089 | D:3      | Killed from afar by Ijyb

Illustrated notes

Levels and vault maps discovered:
D:1:      heliophobic_arrival_battle_scene, layout_rooms
D:2:      layout_loops_cross, basic_ecumenical_altar, serial_shops,
          nicolae_square_shop
D:3:      layout_basic, nemelex_xobeh_ov_fountains_minmay, minitemple,
          minmay_misc_feat_four_crosses, grunt_ministairs_2, minmay_bisected,
          uniq_ijyb, uniq_terence, uniq_jessica

Skill      XL: |  1  2  3  4 |
---------------+-------------+-----
Spellcasting   | 3 |  3.2
Fire Magic     | 4 |  4.0
Dodging        | |  1.6
Stealth        | |  2.1
Conjurations   | |  1.7

Action                   |  1- 3 |  4- 6 || total
-------------------------+-------+-------++-------
Melee: Whip              |     9 |       ||     9
       Club              |     1 |       ||     1
 Cast: Foxfire           |    51 |     6 ||    57
       Scorch            |     5 |     1 ||     6
  Use: Scroll            |     9 |       ||     9
Armor: Robe              |     3 |       ||     3
Dodge: Dodged            |     6 |       ||     6

Table legend: (Time is in decaauts)
 A = Elapsed time spent in this place.
 B = Non-inter-level travel time spent in this place.
 C = Inter-level travel time spent in this place.
 D = Time resting spent in this place.
 E = Time spent auto-exploring this place.
 F = Levels seen in this place.
 G = Mean time per level.
                   A        B        C        D        E       F      G
               +--------+--------+--------+--------+--------+-----+--------+
         Total |   2089 |   1941 |    148 |     51 |   1582 |   3 |  696.3 |
       Dungeon |   2089 |   1941 |    148 |     51 |   1582 |   3 |  696.3 |
               +--------+--------+--------+--------+--------+-----+--------+

Top non-repeatable levels by time:
     D:1: 975 daAuts
     D:2: 844 daAuts
     D:3: 269 daAuts
